 Dungeon Crawl Stone Soup version 0.31-a0-845-g9abc20d24f (webtiles) character file.

Game seed: 17946675008482577053

611786 Flugkiller the Slayer (level 27, -7/245 HPs)
             Began as a Formicid Fighter on Oct 1, 2023.
             Was the Champion of the Shining One.
             Killed from afar by Lom Lobon (13 damage)
             ... with a vortex
             ... in Pandemonium.
             The game lasted 01:03:28 (48895 turns).

Flugkiller the Slayer (Formicid Fighter)           Turns: 48895, Time: 01:03:28

Health: -7/245     AC: 48    Str: 31    XL:     27
Magic:  18/34      EV:  9    Int: 17    God:    the Shining One [******]
Gold:   7152       SH: 29    Dex: 13    Spells: 26/26 levels left

rFire   + + .        H - +9 executioner's axe (spect)
rCold   + + +        y - +1 kite shield {rC+}
rNeg    + + +        A - +15 Maxwell's patent armour {-Cast -Tele rElec Will+ rCorr}
rPois   +            (helmet unavailable)
rElec   +            l - scarf {rC+ rF+}
rCorr   +            K - +2 pair of gloves
SInv    +            h - +2 pair of boots "Otoenu" {Contam rPois Int+9}
Will    +++..        T - amulet of faith Stlth
                     p - +4 ring of protection
HPRegen 0.60/turn    G - ring of resist corrosion
MPRegen 0.24/turn

%: no spellcasting, faith
@: mighty, divinely shielded, resistant, flying (expiring), glowing
A: permanent stasis, dig shafts and tunnels, antennae 3, four strong arms,
deterioration 1, dopey 1, low MP 1, screaming 1, weak 1, inability to drink
after injury 1
}: 5/15 runes: decaying, slimy, silver, glowing, gossamer
a: Dig, Renounce Religion, Divine Shield, Cleansing Flame, Summon Divine
Warrior, Brand Weapon With Holy Wrath


You were in Pandemonium.
You worshipped the Shining One.
The Shining One was exalted by your worship.
You visited 10 branches of the dungeon, and saw 48 of its levels.
You visited Pandemonium 1 time, and saw 9 of its levels.
You visited the Abyss 2 times.
You also visited: Sewer, Ice Cave and Volcano.

You collected 8930 gold pieces.
You spent 1778 gold pieces at shops.

Inventory:

Hand Weapons
 H - a +9 spectral executioner's axe (weapon)
   (Okawaru gifted it to you on level 1 of the Lair of Beasts)
Missiles
 I - 3 throwing nets
 R - 25 silver javelins (quivered)
 S - 4 javelins
 X - 13 curare-tipped darts
Armour
 h - the +2 pair of boots "Otoenu" (worn) {Contam rPois Int+9}
   (You acquired it on level 5 of the Pits of Slime)

   Int+9:     It affects your intelligence (+9).
   rPois:     It protects you from poison Contam: It causes magical
   contamination when unequipped.
 i - a +1 crystal plate armour
   (Okawaru gifted it to you on level 1 of the Lair of Beasts)
 l - a scarf of resistance (worn)
   (You found it on level 4 of the Lair of Beasts)
 y - a +1 kite shield of cold resistance (worn)
   (You took it off a tengu warrior on level 2 of the Depths)
 A - the +15 Maxwell's patent armour (worn) {-Cast -Tele rElec Will+ rCorr}
   (You found it on level 13 of the Dungeon)

   rElec:     It insulates you from electricity.
   Will+:     It increases your willpower.
   -Cast:     It prevents spellcasting.
   -Tele:     It prevents most forms of teleportation.
   rCorr:     It protects you from acid and corrosion.
 K - a +2 pair of gloves (worn)
   (You found it on level 9 of the Dungeon)
 M - a +0 tower shield
   (You took it off a daeva in Pandemonium)
Jewellery
 a - a +4 ring of protection
   (You found it on level 1 of the Swamp)
 c - a ring of protection from cold
   (You found it on level 6 of the Dungeon)
 j - a +4 ring of slaying
   (You took it off a boggart on level 3 of the Vaults)
 k - the ring "Gowkar" {Fly rN+ Int+4}
   (You took it off a vault warden on level 5 of the Vaults)

   [ring of flight]

   Int+4:     It affects your intelligence (+4).
   rN+:       It protects you from negative energy.
   Fly:       It grants you flight.
 m - a ring of willpower
   (You found it on level 3 of the Vaults)
 o - a ring of poison resistance
   (You found it on level 13 of the Dungeon)
 p - a +4 ring of protection (left hand)
   (You found it on level 5 of the Dungeon)
 D - a +6 ring of strength
   (You found it on level 4 of the Depths)
 E - the amulet of the Disturbing Allies {RegenMP rF+ rC++ Dex+5}
   (You found it on level 5 of the Pits of Slime)

   [amulet of magic regeneration]

   RegenMP:   It increases your rate of magic regeneration.
   Dex+5:     It affects your dexterity (+5).
   rF+:       It protects you from fire.
   rC++:      It greatly protects you from cold.
 G - a ring of resist corrosion (right hand)
   (You bought it in a shop on level 1 of the Dungeon)
 T - an amulet of faith (around neck)
   (You found it on level 3 of the Dungeon)
Wands
 b - a wand of acid (39)
   (You took it off Ijyb on level 4 of the Dungeon)
 x - a wand of mindburst (21)
   (You found it on level 5 of the Lair of Beasts)
 z - a wand of digging (28)
   (You found it on level 7 of the Dungeon)
 Q - a wand of iceblast (24)
   (You found it on level 1 of the Lair of Beasts)
Scrolls
 e - 11 scrolls of vulnerability
 r - 27 scrolls of identify
 s - a scroll of revelation
 t - 7 scrolls of fog
 u - 8 scrolls of immolation
 B - 7 scrolls of fear
 J - 5 scrolls of silence
 O - 5 scrolls of enchant armour
 V - 4 scrolls of poison
Potions
 d - 8 potions of might
 f - a potion of magic
 g - 7 potions of lignification
 n - 4 potions of resistance
 q - 10 potions of curing
 v - 4 potions of enlightenment
 C - 5 potions of mutation
 F - 6 potions of invisibility
 L - 3 potions of cancellation
 U - 6 potions of attraction
 Z - 6 potions of ambrosia
Miscellaneous
 W - a phial of floods
   (You found it on level 4 of the Vaults)
 Y - a condenser vane
   (You found it on level 14 of the Dungeon)


   Skills:
 + Level 26.0 Fighting
 - Level 24.0 Axes
 - Level 16.0 Throwing
 + Level 24.6 Armour
 - Level 15.0 Shields
 * Level 22.5 Invocations


You had 26 spell levels left.
You didn't know any spells.
Your spell library contained the following spells:

 Spells                   Type           Power      Damage    Failure   Level
 Apportation              Tloc           0%         N/A       67%         1
 Freeze                   Ice            0%         1d3       67%         1
 Magic Dart               Conj           0%         1d3       67%         1
 Necrotise                Necr           0%         1d4       67%         1
 Sting                    Tmut/Pois      0%         1d3       67%         1
 Summon Small Mammal      Summ           0%         N/A       67%         1
 Call Imp                 Summ           0%         N/A       82%         2
 Cigotuvi's Dreadful Rot  Necr/Pois/Air  0%         N/A       82%         2
 Ensorcelled Hibernation  Hex/Ice        0%         N/A       82%         2
 Jinxbite                 Hex            0%         N/A       82%         2
 Lesser Beckoning         Tloc           0%         N/A       82%         2
 Momentum Strike          Conj/Tloc      0%         3d8       82%         2
 Passwall                 Tmut/Erth      0%         N/A       82%         2
 Poisonous Vapours        Pois/Air       0%         N/A       82%         2
 Scorch                   Fire           0%         2d5       82%         2
 Searing Ray              Conj           0%         2d4       82%         2
 Call Canine Familiar     Summ           0%         N/A       96%         3
 Dazzling Flash           Conj/Hex       0%         N/A       96%         3
 Frozen Ramparts          Ice            0%         1d1       96%         3
 Gell's Gravitas          Tloc           0%         N/A       96%         3
 Hailstorm                Conj/Ice       0%         3d3       96%         3
 Ignite Poison            Fire/Tmut/Pois 0%         N/A       96%         3
 Mephitic Cloud           Conj/Pois/Air  0%         N/A       96%         3
 Ozocubu's Armour         Ice            0%         N/A       96%         3
 Sigil of Binding         Hex            0%         N/A       96%         3
 Stone Arrow              Conj/Erth      0%         3d7       96%         3
 Summon Guardian Golem    Hex/Summ       0%         N/A       96%         3
 Teleport Other           Tloc           0%         N/A       96%         3
 Tukima's Dance           Hex            0%         N/A       96%         3
 Vampiric Draining        Necr           0%         2d6       96%         3
 Volatile Blastmotes      Fire/Tloc      0%         2d10      96%         3
 Anguish                  Hex/Necr       0%         N/A       100%        4
 Animate Armour           Summ/Erth      0%         N/A       100%        4
 Cause Fear               Hex            0%         N/A       100%        4
 Dimensional Bullseye     Hex/Tloc       0%         N/A       100%        4
 Dispel Undead            Necr           0%         3d6       100%        4
 Flame Wave               Conj/Fire      0%         2d4       100%        4
 Fulminant Prism          Conj/Hex       0%         3d5       100%        4
 Iskenderun's Mystic Bla  Conj/Tloc      0%         2d3       100%        4
 Leda's Liquefaction      Hex/Erth       0%         N/A       100%        4
 Manifold Assault         Tloc           0%         N/A       100%        4
 Sticky Flame             Conj/Fire      0%         2d3       100%        4
 Summon Lightning Spire   Summ/Air       0%         N/A       100%        4
 Agony                    Necr           0%         N/A       100%        5
 Alistair's Intoxication  Tmut/Pois      0%         N/A       100%        5
 Arcjolt                  Conj/Air       0%         1d10      100%        5
 Freezing Cloud           Conj/Ice/Air   0%         6-21      100%        5
 Irradiate                Conj/Tmut      0%         3d11      100%        5
 Iskenderun's Battlesphe  Conj           0%         2d6       100%        5
 Lee's Rapid Deconstruct  Erth           0%         3d4*      100%        5
 Metabolic Englaciation   Hex/Ice        0%         N/A       100%        5
 Bombard                  Conj/Erth      0%         9d1       100%        6
 Death Channel            Necr           0%         N/A       100%        6
 Dispersal                Tloc           0%         N/A       100%        6
 Simulacrum               Ice/Necr       0%         N/A       100%        6
 Starburst                Conj/Fire      0%         6d3       100%        6
 Summon Cactus Giant      Summ           0%         N/A       100%        6
 Enfeeble                 Hex            0%         N/A       100%        7
 Haunt                    Necr/Summ      0%         N/A       100%        7
 Orb of Destruction       Conj           0%         9d5       100%        7
 Ozocubu's Refrigeration  Ice            0%         4d7       100%        7
 Spellforged Servitor     Conj/Summ      0%         N/A       100%        7
 Borgnjor's Revivificati  Necr           0%         N/A       100%        8
 Disjunction              Tloc           0%         N/A       100%        8
 Ignition                 Fire           0%         3d3       100%        8
 Lehudib's Crystal Spear  Conj/Erth      0%         10d2      100%        8
 Maxwell's Capacitive Co  Air            0%         ∞         100%        8
 Chain Lightning          Conj/Air       0%         N/A       100%        9
 Death's Door             Necr           0%         N/A       100%        9
 Swiftness                Air            Unusable   N/A       N/A         3
 Vhi's Electric Charge    Tloc/Air       Unusable   N/A       N/A         4

Dungeon Overview and Level Annotations

Branches:
Dungeon (15/15) Zot: 25486  Temple (1/1) D:6 Zot: 5969    Lair (5/5) D:10 Zot: 24617
  Swamp (4/4) Lair:3 Zot: 21055  Spider (4/4) Lair:2 Zot: 20072   Slime (5/5) Lair:4 Zot: 26626
    Orc (2/2) D:12 Zot: 10951     Elf (0/3) Orc:2        Vaults (5/5) D:13 Zot: 22774
  Crypt (3/3) Vaults:3 Zot: 15755    Tomb (0/3) Crypt:3      Depths (4/4) D:15 Zot: 19834
    Zot (0/5) Depths:4      Sewer (visited)           IceCv (visited)
Volcano (visited)

Altars:
Ashenzari
Cheibriados
Dithmenos
Elyvilon
Fedhas
Gozag
Hepliaklqana
Kikubaaqudgha
Makhleb
Nemelex Xobeh
Okawaru
Qazlal
Ru
Sif Muna
Trog
Uskayaw
Vehumet
Wu Jian
Xom
Yredelemnul
Zin
The Shining One
Jiyva

Shops:
D:1 !*:::   D:6 (   D:8 !**   D:12 (   Orc:1 *   Orc:2 ([([   Vaults:2 ?
Vaults:3 (   Depths:2 ***

Portals:
Hell: Depths:1 Depths:2 Depths:3 Depths:4
Abyss: Depths:3 Depths:4
Pandemonium: Depths:2
Ziggurat: Depths:2
Trove: Vaults:4 (give 17 potions of curing)

Annotations:
D:10 1 runed translucent door, Tenar's ghost, novice DsCA
Lair:5 2 runed translucent doors, GrimJard's ghost, journeyman DECj
Spider:2 Roxanne
Vaults:1 3 runed translucent doors, Fauhuump's ghost, adept TeAE
Depths:3 2 runed translucent doors
Pan Lom Lobon


Innate Abilities, Weirdness & Mutations

You cannot be hasted, slowed, berserked, paralysed or teleported.
You can dig through walls and to a lower floor.
You have a pair of large antennae on your head. (SInv)
Your four strong arms can wield two-handed weapons with a shield.
Your body sometimes deteriorates upon taking damage.
You are dopey. (Int -2)
Your magical capacity is low. (-10% MP)
You occasionally shout uncontrollably at your foes.
You are weak. (Str -2)
You occasionally lose the ability to drink potions when taking damage.


Message History

The ball lightning explodes!
The blast of lightning engulfs Lom Lobon.
Lom Lobon completely resists.
The blast of lightning engulfs your daeva!!
The blast of lightning engulfs you! You resist.
* * * LOW HITPOINT WARNING * * *
You hear a roar!
You hear a chilling moan.
Unknown command.
You miss Lom Lobon.
Lom Lobon is moderately wounded.
Your +9 spectral executioner's axe hits Lom Lobon!!!
Lom Lobon barely misses you.
You barely miss Lom Lobon.
Lom Lobon is heavily wounded.
Your +9 spectral executioner's axe misses Lom Lobon.
Your daeva misses Lom Lobon.
Your daeva hits Lom Lobon with a +4 scimitar of holy wrath!
Lom Lobon convulses!
Lom Lobon gestures.
Lom Lobon is healed.
You closely miss Lom Lobon.
Lom Lobon is lightly wounded.
Your +9 spectral executioner's axe hits Lom Lobon!!
Your daeva calls down the wrath of the Shining One upon Lom Lobon.
Lom Lobon is smitten.
You block Lom Lobon's attack.
You completely miss Lom Lobon.
Lom Lobon is lightly wounded.
Your +9 spectral executioner's axe barely misses Lom Lobon.
Your daeva hits Lom Lobon with a +4 scimitar of holy wrath!
Lom Lobon convulses!
Your daeva barely misses Lom Lobon.
You carve Lom Lobon like a ham!!!!
Lom Lobon is heavily wounded.
Your +9 spectral executioner's axe closely misses Lom Lobon.
Lom Lobon gestures.
Lom Lobon blinks!
You barely miss Lom Lobon.
Lom Lobon is heavily wounded.
Your +9 spectral executioner's axe hits Lom Lobon!!
Your daeva hits Lom Lobon with a +4 scimitar of holy wrath!!
Lom Lobon convulses!!
Your daeva hits Lom Lobon but does no damage.
Your daeva blocks Lom Lobon's attack.
You slice Lom Lobon like a ripe choko!!!
Lom Lobon is severely wounded.
Your +9 spectral executioner's axe hits Lom Lobon!
The winds around Lom Lobon calm down.
Your daeva calls down the wrath of the Shining One upon Lom Lobon.
Lom Lobon is smitten.
Lom Lobon gestures.
Lom Lobon blinks!
You feel better.
Your +9 spectral executioner's axe disappears.
A smoke demon comes into view.
Throw: 28 javelins (silver)
Press: ? - help, Q - select action, (/) - cycle Shift-Dir - straight line, f/p - Lom Lobon
Aim: Lom Lobon (severely wounded, surrounded by a freezing vortex, not watching you, haloed, 63% to hit)
You throw a silver javelin.
The silver javelin pierces through Lom Lobon!
Lom Lobon is severely wounded.
Unknown command.
Throw: 27 javelins (silver)
Press: ? - help, Q - select action, (/) - cycle Shift-Dir - straight line You throw a silver javelin.
Throw: 26 javelins (silver)
Press: ? - help, Q - select action, (/) - cycle Shift-Dir - straight line, f - smoke demon
Aim: a smoke demon (haloed, 88% to hit)
Okay, then.
Unknown command.
You feel better.
Your daeva dies!
Your daeva dissolves into sparkling lights!
Lom Lobon gestures. 3 ball lightnings come into view.
Throw: 26 javelins (silver)
Press: ? - help, Q - select action, (/) - cycle Shift-Dir - straight line, f - Lom Lobon
Aim: Lom Lobon (whirling frost, almost dead, surrounded by a freezing vortex, haloed, 63% to hit)
You throw a silver javelin.
The silver javelin closely misses Lom Lobon.
The freezing vortex lifts you up.
You fly up into the air.
* * * LOW HITPOINT WARNING * * *
The ball lightning explodes!
The blast of lightning engulfs Lom Lobon.
Lom Lobon completely resists.
The ball lightning explodes!
The blast of lightning engulfs Lom Lobon.
Lom Lobon completely resists.
The ball lightning explodes!
The blast of lightning engulfs Lom Lobon.
Lom Lobon completely resists.
The blast of lightning engulfs you! You resist.
* * * LOW HITPOINT WARNING * * *
The smoke demon gestures at you. Something smites you!
* * * LOW HITPOINT WARNING * * *
Lom Lobon screams, "Surrender, thou errant two-tin-hat flirt-gill!"
Throw: 25 javelins (silver)
Press: ? - help, Q - select action, (/) - cycle Shift-Dir - straight line, f/p - Lom Lobon
Aim: Lom Lobon (whirling frost, almost dead, surrounded by a freezing vortex, haloed, 63% to hit)
Okay, then.
Unknown command.
You die...

≈≈≈≈≈≈≈≈≈...≈.≈# .....#
≈≈≈≈≈≈≈≈≈≈≈)..≈≈ §§§§§§#
≈≈≈≈≈≈≈≈≈≈...≈≈≈ §§§§§§§
≈≈≈≈≈≈≈≈≈.≈....≈
.§§§§§§§##≈≈≈≈≈.≈≈≈≈...).
§§§§§§§§§§#≈≈≈≈≈≈≈≈≈≈≈)...
.#.§§§§§§§§§§# .$..≈≈≈......
'.§§§§§§§§§§# .$⌠.≈≈≈≈≈.⌠.. {
#.§§§§&§§§§@# ≈.$...≈≈.≈....
##.§§§§§§§§§§#≈≈≈≈..≈≈≈.....≈
###(.§§§§§§§§§##≈≈≈≈≈≈≈≈≈≈...≈≈
#.?..§§§§§§§§§#≈≈≈≈≈≈≈≈≈≈.....≈
#.....§§§§§§##≈≈≈≈≈≈≈≈≈≈...≈.≈
#....§§§3§##≈≈≈≈≈≈≈≈≈≈≈.)...≈
###..)..###§§°☼☼§§≈≈≈.....≈≈#
≈≈##...##§§§☼§°§§§≈≈.....≈.≈#
#≈≈≈≈...§§§§§§§§§§§.......≈≈##


You could see Lom Lobon (vortex) and a smoke demon.

Vanquished Creatures
  Dissolution (Slime:4)
  the Royal Jelly (Slime:5)
  Mnoleg (Pan)
  A dread lich (Vaults:5)
  Khufu (Crypt:1)
  Mara (Vaults:5)
  3 pandemonium lords (Pan)
  Boris (twice) (Vaults:4 Crypt:2)
  Vv (Crypt:1)
  Frederick (Crypt:2)
  Xtahua (Crypt:2)
  Bai Suzhen (Crypt:2)
  2 golden dragons
  A profane servitor (Crypt:3)
  Jory (Vaults:4)
  Arachne (Spider:2)
  4 bone dragons
  2 Tzitzimimeh (Pan)
  3 liches
  6 tentacled monstrosities
  3 deep elf blademasters
  A walking earthen tome (Depths:4)
  A walking frostbound tome (Depths:3)
  8 titans
  A quicksilver dragon (Vaults:5)
  2 deep elf master archers (Pan)
  4 sphinxes
  Agnes (Spider:2)
  3 ancient champions
  4 Executioners (Pan)
  A thorn hunter (Swamp:4)
  14 acid blobs
  4 shadow dragons
  10 tengu reavers
  Donald (Crypt:2)
  4 revenants
  A draconian monk (Depths:4)
  4 rockslimes
  4 demonspawn warmongers (Pan)
  A daeva (Pan)
  4 emperor scorpions
  2 iron dragons
  7 azure jellies (Slime:5)
  A deep elf sorcerer (Vaults:5)
  20 fire giants
  11 vault wardens
  6 balrugs
  2 draconian scorchers (Depths:4)
  14 frost giants
  5 ghost moths
  7 cacodemons (Pan)
  A curse skull (Crypt:2)
  18 ghouls
  43 very ugly things
  The ghost of Fypuno Aqar the Pyromancer, an adept DEFE of Elyvilon (Vaults:2)
  3 demonspawn corrupters (Pan)
  4 quicksilver oozes (Slime:5)
  16 stone giants
  3 draconian annihilators (Pan)
  16 ironbound preservers
  A broodmother (Spider:3)
  A demonspawn blood saint (Pan)
  6 formless jellyfish
  2 green draconians (Depths:4)
  6 reapers
  5 ironbound thunderhulks
  5 war gargoyles
  2 demonspawn black suns (Pan)
  4 lorocyprocas (Pan)
  3 black draconians
  4 eleionomae
  6 bunyips
  12 vampire knights
  2 white draconians (Depths:4)
  2 purple draconians
  9 dire elephants
  3 yellow draconians (Crypt:3)
  2 deep elf annihilators (Pan)
  2 red draconians
  20 spark wasps
  7 eidola
  2 blizzard demons (Pan)
  4 deep elf death magi
  8 ettins
  A green death (Pan)
  4 entropy weavers
  A crystal guardian (Vaults:1)
  10 fire dragons
  14 yaktaur captains
  26 jiangshi
  Josephine (Lair:4)
  3 deep elf high priests (Vaults:5)
  2 hell beasts (Pan)
  9 great orbs of eyes
  7 ice dragons
  16 hydras
  10 rakshasas
  3 jorogumos
  32 vault guards
  2 ogre magi (Vaults:5)
  9 radroaches
  A spriggan skeleton (Crypt:3)
  Erolcha (D:9)
  3 peacekeepers
  9 ironbound frosthearts
  7 spriggan air magi
  3 catoblepae
  7 death knights
  Erica (D:8)
  11 alligators
  2 dancing weapons (D:13)
  2 two-headed ogres
  A titan zombie (Crypt:1)
  11 boulder beetles
  6 centaur warriors
  4 tengu warriors
  A bennu zombie (Crypt:2)
  19 death yaks
  18 large abominations
  9 deep troll earth magi
  A hell hog (Volcano)
  5 vampire magi
  10 deep troll shamans
  An orc high priest (Orc:2)
  9 demonic crawlers
  34 hell knights
  9 spriggan berserkers
  25 sun demons (Pan)
  4 deep elf knights
  21 spriggans
  5 soul eaters
  A skyshark (Lair:5)
  Amaemon (D:8)
  7 pharaoh ants
  3 shadow wraiths
  A fire crab (Volcano)
  23 skeletal warriors
  6 goliath frogs
  12 iron trolls
  5 spriggan druids
  A golden dragon zombie (Crypt:2)
  11 sixfirhies
  5 sun moths
  8 flayed ghosts
  56 deep trolls
  4 shadow demons (Pan)
  Lodul (D:11)
  8 glowing orange brains
  6 bog bodies
  13 orb spiders
  10 lindwurms
  8 swamp dragons
  15 wizards
  Pikel (D:5)
  21 ironbound convokers
  8 phantasmal warriors
  A lindwurm (shapeshifter) (D:14)
  5 harpies (Vaults:1)
  2 orc knights
  A goliath frog zombie (Crypt:1)
  14 necromancers
  3 deep elf archers
  A deep elf zephyrmancer (Crypt:1)
  26 wolf spiders
  4 orc sorcerers (Orc:2)
  5 deep elf pyromancers
  4 cyclopes
  7 steelbarb worms
  3 human zombies
  3 will-o-the-wisps
  6 manticores
  68 ugly things
  A moth of wrath (Spider:4)
  16 elephants (Lair:5)
  A stone giant skeleton (Crypt:3)
  A worldbinder (Abyss:1)
  4 shining eyes
  2 eyes of devastation
  2 guardian serpents (Depths:2)
  52 slime creatures
  3 rust devils
  5 black mambas
  2 torpor snails (shapeshifter)
  3 gargoyles
  2 ice statues (IceCv)
  12 cane toads
  3 torpor snails
  9 orange demons
  An elf skeleton (Vaults:1)
  10 smoke demons
  18 vault sentinels
  27 yaktaurs
  12 komodo dragons
  3 unseen horrors
  2 kobold demonologists (D:9)
  9 freezing wraiths
  5 rime drakes
  8 ice devils
  A tormentor (Pan)
  2 red devils (Pan)
  2 efreet (D:14)
  2 guardian mummies (Crypt:1)
  4 tengu conjurers
  7 trolls
  A queen bee (shapeshifter) (D:13)
  6 hellwings (Pan)
  10 tyrant leeches
  6 meliai (Spider:4)
  2 polar bears
  26 hornets
  11 blink frogs
  27 tarantellas
  A fire dragon zombie (Crypt:1)
  A snapping turtle (shapeshifter) (Vaults:5)
  A death drake skeleton (Crypt:1)
  4 dream sheep (Lair:5)
  27 jumping spiders
  3 dire elephant simulacra (IceCv)
  9 centaur simulacra (D:12)
  Sigmund (D:4)
  48 flying skulls (Crypt:3)
  A water elemental (Depths:1)
  7 shadows
  19 culicivoras
  13 ynoxinuls
  Eustachio (D:4)
  A vampire (D:11)
  A wind drake zombie (Crypt:2)
  7 wyverns
  5 basilisks
  A yak (shapeshifter) (D:15)
  14 neqoxecs (Pan)
  58 yaks
  10 wraiths
  6 fire bats (Volcano)
  68 redbacks
  8 steam dragons
  8 vampire mosquitoes
  13 chaos spawn (Pan)
  2 harpy simulacra (IceCv)
  Menkaure (D:3)
  Edmund (D:4)
  A human simulacrum (Vaults:3)
  A warg (Orc:1)
  13 swamp worms
  An acid dragon (D:14)
  5 hydra simulacra (IceCv)
  2 hell hounds (Volcano)
  13 water moccasins
  Duvessa (D:4)
  An ogre skeleton (Vaults:1)
  A fire bat skeleton (Crypt:2)
  A glowing shapeshifter skeleton (Vaults:3)
  21 orc warriors
  9 swamp drakes
  A deep troll skeleton (Crypt:2)
  8 ice beasts
  A sky beast (D:7)
  13 ogres
  3 black bears
  A black mamba simulacrum (Crypt:3)
  A blink frog zombie (Crypt:2)
  4 human skeletons
  19 wolves
  7 boggarts
  14 centaurs
  2 lemures (D:5)
  2 phantoms
  A kobold brigand (D:9)
  2 gnoll sergeants
  11 necrophages
  A rime drake skeleton (Crypt:1)
  9 bullfrogs
  3 scorpions
  A naga simulacrum (Crypt:3)
  A cane toad simulacrum (IceCv)
  12 wights
  2 small abominations (Crypt:3)
  Dowan (D:4)
  15 killer bees
  A spriggan zombie (Crypt:2)
  A troll zombie (D:12)
  9 electric eels
  3 howler monkeys
  7 crimson imps (D:13)
  4 lava snakes (Lair:3)
  8 hounds
  12 jellies
  21 orc priests
  Ijyb (D:4)
  Jessica (D:2)
  28 orc wizards
  3 iguanas
  2 sleepcaps
  A polar bear simulacrum (IceCv)
  5 ogre zombies (D:12)
  8 mummies (Crypt:1)
  15 gnolls
  19 adders
  9 river rats
  A swamp drake zombie (Crypt:1)
  A swamp drake skeleton (Crypt:2)
  10 white imps
  An ufetubus (Abyss:1)
  4 worms
  3 dart slugs
  62 orcs
  6 endoplasms
  4 giant cockroaches
  11 goblins
  5 hobgoblins
  2 jackals
  10 kobolds
  2 quokkas
  22 ball pythons
  10 bats
  3 frilled lizards
  2 goblin zombies (D:12)
  A hobgoblin skeleton (D:12)
  2 hobgoblin zombies (D:12)
  4 orc skeletons (D:12)
  10 orc zombies (D:12)
  28 rats
  3 ball lightnings (Pan)
2417 creatures vanquished.

Vanquished Creatures (collateral kills)
  2 cacodemons (Pan)
  A demonspawn corrupter (Pan)
  A very ugly thing (Pan)
  A lorocyproca (Pan)
  A green death (Pan)
  2 rakshasas (Pan)
  A spriggan air mage (Pan)
  A sun demon (Pan)
  A sixfirhy (Pan)
  A wizard (Pan)
  A neqoxec (Pan)
13 creatures vanquished.

Vanquished Creatures (others)
  A lich (Pan)
  A cacodemon (Pan)
  A green death (Pan)
  A fire dragon (Depths:2)
  A rakshasa (Pan)
  A demonic crawler (Spider:2)
  A sun demon (Pan)
  A glowing orange brain (Pan)
  A wizard (Pan)
  A lindwurm (Swamp:4)
  A necromancer (Depths:4)
  2 bloated husks
  A tengu conjurer (D:14)
  A tyrant leech (Spider:4)
  A hornet (Depths:2)
  A chaos spawn (Depths:2)
  A lava snake (Lair:3)
  An orc priest (Orc:2)
  20 ball lightnings (Pan)
  6 foxfires
  35 spectral weapons
80 creatures vanquished.

Grand Total: 2510 creatures vanquished

Notes
Turn   | Place    | Note
-------+----------+-------------------------------------------
     0 | D:1      | Flugkiller the Formicid Fighter began the quest for the
                  | Orb.
     0 | D:1      | Reached XP level 1. HP: 18/18 MP: 1/1
     6 | D:1      | Found Uceom's Distillery.
    46 | D:1      | Found Nedgho's Vocational Training.
    76 | D:1      | Reached XP level 2. HP: 16/24 MP: 2/2
   288 | D:1      | Found Duropyol's Assorted Antiques.
   385 | D:1      | Reached XP level 3. HP: 29/29 MP: 3/3
   465 | D:1      | Found Nialakif's Book Shoppe.
   655 | D:1      | Found Direnuw's Book Shoppe.
  1019 | D:2      | Reached XP level 4. HP: 37/37 MP: 4/4
  1173 | D:2      | Reached skill level 4 in Fighting
  1178 | D:2      | Reached XP level 5. HP: 31/42 MP: 5/5
  1298 | D:2      | Noticed Jessica
  1314 | D:2      | Killed Jessica
  1404 | D:2      | Found the +5 woodcutter's axe
  1414 | D:2      | Reached XP level 6. HP: 7/49 MP: 6/6
  1610 | D:1      | Bought a potion of heal wounds for 50 gold pieces
  1763 | D:3      | Found a white marble altar of Elyvilon.
  2013 | D:3      | Got a gaudy book
  2713 | D:4      | Noticed Edmund
  2728 | D:4      | Killed Edmund
  2729 | D:4      | Reached skill level 5 in Fighting
  2729 | D:4      | Reached skill level 5 in Axes
  2729 | D:4      | Reached skill level 5 in Armour
  2729 | D:4      | Reached XP level 7. HP: 39/56 MP: 0/7
  3014 | D:4      | Noticed Menkaure
  3026 | D:4      | Noticed Sigmund
  3168 | D:3      | Killed Menkaure
  3183 | D:4      | Killed Sigmund
  3184 | D:4      | Reached XP level 8. HP: 50/64 MP: 8/8
  3231 | D:4      | Noticed Ijyb
  3231 | D:4      | Noticed Eustachio
  3240 | D:4      | Killed Ijyb
  3396 | D:4      | Killed Eustachio
  3397 | D:4      | Reached skill level 6 in Fighting
  3413 | D:4      | Noticed Duvessa
  3415 | D:4      | Noticed Dowan
  3424 | D:4      | Killed Duvessa
  3430 | D:4      | Killed Dowan
  3649 | D:4      | Reached XP level 9. HP: 56/71 MP: 9/9
  3931 | D:5      | Entered Level 5 of the Dungeon
  4023 | D:5      | Noticed Pikel
  4036 | D:5      | Killed Pikel
  4037 | D:5      | Reached skill level 7 in Fighting
  4926 | D:6      | Found a staircase to the Ecumenical Temple.
  4943 | Temple   | Entered the Ecumenical Temple
  4952 | Temple   | Became a worshipper of Warmaster Okawaru
  4984 | D:6      | Found Tamna's Antique Weapon Shop.
  5108 | D:6      | Reached skill level 1 in Invocations
  5275 | D:6      | Found a snail-covered altar of Cheibriados.
  5448 | D:6      | Reached XP level 10. HP: 78/80 MP: 11/11
  5458 | D:6      | Found a glowing drain.
  5474 | Sewer    | Entered a sewer
  5670 | Sewer    | Reached skill level 8 in Fighting
  5763 | D:6      | Reached * piety under Okawaru
  5798 | D:6      | Identified the +7 dagger of the Glimmering Blowfly {heavy,
                  | rElec rCorr Str-2 Dex+3}
  5874 | D:6      | Identified the +0 ring mail "Weogosim" {Regen+}
  6462 | D:7      | Reached skill level 10 in Axes
  6513 | D:7      | Reached ** piety under Okawaru
  7529 | D:8      | Noticed Amaemon
  7529 | D:8      | Noticed an orange demon
  7676 | D:8      | Found Lantonoc's Distillery.
  7818 | D:1      | Bought an encrusted peridot ring for 100 gold pieces
  8000 | D:8      | Reached *** piety under Okawaru
  8004 | D:8      | Reached XP level 11. HP: 55/87 MP: 14/14
  8275 | D:1      | Bought a scroll labelled UHALEU ZUJICI for 20 gold pieces
  8275 | D:1      | Bought a metallic emerald potion for 18 gold pieces
  8275 | D:1      | Bought a metallic emerald potion for 18 gold pieces
  8508 | D:8      | Reached skill level 9 in Fighting
  8508 | D:8      | Reached skill level 5 in Invocations
  8559 | D:8      | Killed Amaemon
  8562 | D:8      | Reached **** piety under Okawaru
  8943 | D:8      | Noticed Erica
  8965 | D:8      | Killed Erica
  9131 | D:8      | Found Xicuzxemn's Specific Store.
  9303 | D:8      | Found Awkatal's General Store.
  9307 | D:8      | Bought a scroll of enchant weapon for 82 gold pieces
  9541 | D:9      | Reached ***** piety under Okawaru
  9704 | D:9      | Found a shadowy altar of Dithmenos.
 10027 | D:9      | Noticed Erolcha
 10036 | D:9      | Killed Erolcha
 10037 | D:9      | Reached skill level 10 in Armour
 10217 | D:9      | Reached skill level 10 in Fighting
 10232 | D:9      | Reached XP level 12. HP: 76/97 MP: 17/17
 10388 | D:10     | Entered Level 10 of the Dungeon
 10501 | D:10     | Identified the +5 hand axe of Netacven {antimagic, rN+
                  | Will+ Str-5 Int+4}
 10501 | D:10     | Noticed a spriggan rider
 10503 | D:10     | Found a runed translucent door.
 10503 | D:10     | Noticed Tenar's ghost (novice DsCA)
 10504 | D:10     | Identified the +8 trident of War {elec, Fly Dex+4 SInv}
 10588 | D:10     | Found a staircase to the Lair.
 11359 | D:10     | Identified the +0 leather armour of Parts Unknown {rF+}
 11775 | D:11     | Noticed Lodul
 11784 | D:11     | Killed Lodul
 11852 | D:11     | Received a gift from Okawaru
 11876 | D:11     | Found a frozen archway.
 11890 | IceCv    | Entered an ice cave
 12311 | IceCv    | Noticed a reaper
 12319 | IceCv    | Killed a reaper
 12572 | IceCv    | Reached skill level 11 in Fighting
 12785 | IceCv    | Reached XP level 13. HP: 80/106 MP: 19/19
 12978 | D:11     | Received a gift from Okawaru
 13531 | Lair:1   | Entered Level 1 of the Lair of Beasts
 14061 | Lair:1   | Reached ****** piety under Okawaru
 14162 | Lair:1   | Received a gift from Okawaru
 14483 | Lair:1   | Reached skill level 5 in Shields
 14753 | Lair:1   | Acquired a +3 executioner's axe of venom
 14753 | Lair:1   | Received a gift from Okawaru
 14758 | Lair:1   | Acquired a +1 crystal plate armour
 14758 | Lair:1   | Received a gift from Okawaru
 14892 | Lair:2   | Noticed a catoblepas
 14910 | Lair:2   | Killed a catoblepas
 14910 | Lair:2   | Received a gift from Okawaru
 14939 | Lair:2   | Found a hole to the Spider Nest.
 15177 | Lair:2   | Reached skill level 10 in Invocations
 15348 | Lair:2   | Noticed a five-headed hydra
 15359 | Lair:2   | Killed a 12-headed hydra
 15605 | Lair:3   | Reached skill level 12 in Fighting
 15832 | Lair:3   | Found a staircase to the Swamp.
 15837 | Lair:3   | Reached skill level 15 in Axes
 15839 | Lair:3   | Received a gift from Okawaru
 15840 | Lair:3   | Reached XP level 14. HP: 115/115 MP: 21/21
 15983 | Lair:3   | Identified the +7 chain mail of Zibid {-Cast +Inv rF+
                  | Str+7}
 16924 | Lair:4   | Received a gift from Okawaru
 17077 | Lair:4   | Found a shimmering altar of Xom.
 17084 | Lair:4   | Noticed Josephine
 17095 | Lair:4   | Received a gift from Okawaru
 17096 | Lair:4   | Killed Josephine
 17140 | Lair:4   | Found a staircase to the Slime Pits.
 17590 | Lair:5   | Entered Level 5 of the Lair of Beasts
 17620 | Lair:5   | Found a dark tunnel.
 17629 | Volcano  | Entered a volcano
 17984 | Lair:5   | Reached skill level 13 in Fighting
 17997 | Lair:5   | Received a gift from Okawaru
 18003 | Lair:5   | Reached XP level 15. HP: 90/123 MP: 20/22
 18007 | Lair:5   | Received a gift from Okawaru
 18044 | Lair:5   | Received a gift from Okawaru
 18065 | Lair:5   | Reached skill level 10 in Shields
 18304 | Lair:5   | Found a large runed translucent door.
 18304 | Lair:5   | Found a large runed translucent door.
 18304 | Lair:5   | Identified the +0 ring mail of Filigreed Creativity {rF+
                  | Stlth+}
 18379 | Lair:5   | Received a gift from Okawaru
 18494 | Lair:5   | Noticed GrimJard's ghost (journeyman DECj)
 18924 | D:12     | Identified the +1 leather armour "Extaura" {Harm Rampage}
 19221 | D:12     | Found a staircase to the Orcish Mines.
 19399 | D:12     | Received a gift from Okawaru
 19429 | D:12     | Found Vuih's Antique Weapon Shop.
 19989 | D:13     | Found a gate to the Vaults.
 19998 | D:13     | Reached skill level 14 in Fighting
 20328 | D:13     | Found the +15 Maxwell's patent armour {-Cast -Tele rElec
                  | Will+ rCorr}
 20532 | D:13     | Reached XP level 16. HP: 133/133 MP: 23/23
 20870 | D:14     | Found a broken altar of Ashenzari.
 21090 | D:14     | Received a gift from Okawaru
 21282 | D:14     | Identified the +3 spear "Fynuycat" {spect, Str+3 Int+9
                  | Dex-3}
 21285 | D:14     | Identified the staff "Eduvel" {Contam rElec Str+3 Dex+3
                  | Air}
 21422 | D:14     | Received a gift from Okawaru
 21761 | D:15     | Entered Level 15 of the Dungeon
 22064 | D:15     | Received a gift from Okawaru
 22183 | D:15     | Received a gift from Okawaru
 22205 | D:15     | Found a staircase to the Depths.
 22443 | Orc:1    | Entered Level 1 of the Orcish Mines
 22588 | Orc:1    | Found Vaabemaz's Assorted Antiques.
 22597 | Orc:1    | Bought 2 scrolls of enchant armour for 420 gold pieces
 22939 | Orc:2    | Entered Level 2 of the Orcish Mines
 22941 | Orc:2    | Found a staircase to the Elven Halls.
 23252 | Orc:2    | Gained mutation: You are weak. (Str -2) [a neqoxec]
 23266 | Orc:2    | Reached skill level 15 in Armour
 23281 | Orc:2    | Reached XP level 17. HP: 140/140 MP: 24/24
 23302 | Orc:2    | Found Wisic's Antique Weapon Emporium.
 23302 | Orc:2    | Found Seunloqy's Weapon Shoppe.
 23315 | Orc:2    | Found Aracuq's Antique Armour Shoppe.
 23319 | Orc:2    | Found Gurrikk's Armour Emporium.
 23604 | Spider:1 | Entered Level 1 of the Spider Nest
 23626 | Spider:1 | Received a gift from Okawaru
 23627 | Spider:1 | Reached skill level 15 in Fighting
 23982 | Spider:1 | Received a gift from Okawaru
 24338 | Spider:2 | Noticed Roxanne
 24388 | Spider:2 | Received a gift from Okawaru
 24737 | Spider:2 | Noticed Agnes
 24748 | Arena    | Entered the Arena
 24783 | Spider:2 | Killed Agnes
 24795 | Spider:2 | Received a gift from Okawaru
 24838 | Spider:2 | Noticed Arachne
 24892 | Arena    | Entered the Arena
 24925 | Spider:2 | Killed Arachne
 25269 | Spider:2 | Identified a scroll of acquirement
 25438 | Spider:3 | Acquired the +2 pair of slick slippers {slick, slippery,
                  | EV+4}
 25438 | Spider:3 | Found the +2 pair of slick slippers {slick, slippery, EV+4}
 25467 | Spider:3 | Identified the ring "Musal" {rC- MP+9 Str+2 Int+5}
 25514 | Spider:3 | Reached XP level 18. HP: 141/151 MP: 0/25
 25526 | Spider:3 | Identified the +1 long sword "Biag" {antimagic, rElec Dex+2
                  | Stlth+}
 25567 | Spider:3 | Received a gift from Okawaru
 25655 | Spider:3 | Identified the +0 robe "Qauluit" {rC+}
 25681 | Spider:3 | Reached skill level 1 in Throwing
 25888 | Spider:3 | Received a gift from Okawaru
 26068 | Spider:4 | Entered Level 4 of the Spider Nest
 26078 | Spider:4 | Reached skill level 16 in Fighting
 26155 | Spider:4 | Received a gift from Okawaru
 26432 | Spider:4 | Received a gift from Okawaru
 26459 | Spider:4 | Identified the +8 dagger "Ceonoab" {spect, Will++}
 26709 | Spider:4 | Reached skill level 15 in Shields
 27168 | Spider:4 | Received a gift from Okawaru
 27249 | Spider:4 | Reached XP level 19. HP: 154/159 MP: 0/27
 27291 | Spider:4 | Got a gossamer rune of Zot
 27584 | Swamp:1  | Entered Level 1 of the Swamp
 27764 | Swamp:1  | Received a gift from Okawaru
 27765 | Swamp:1  | Reached skill level 5 in Throwing
 28182 | Swamp:1  | HP: 4/159 [spriggan druid/stone arrow (21)]
 28183 | Arena    | Entered the Arena
 28720 | Swamp:2  | Received a gift from Okawaru
 29094 | Swamp:3  | Reached skill level 17 in Fighting
 29570 | Swamp:4  | Entered Level 4 of the Swamp
 29746 | Swamp:4  | Received a gift from Okawaru
 29807 | Swamp:4  | Got a decaying rune of Zot
 29886 | Swamp:4  | Reached XP level 20. HP: 168/168 MP: 29/29
 29927 | Arena    | Entered the Arena
 29962 | Swamp:4  | Received a gift from Okawaru
 30496 | Vaults:1 | Entered Level 1 of the Vaults
 30620 | Vaults:1 | Found a runed translucent gate.
 30620 | Vaults:1 | Found a runed translucent gate.
 30620 | Vaults:1 | Found a runed translucent gate.
 30621 | Vaults:1 | Noticed Fauhuump's ghost (adept TeAE)
 31254 | Vaults:1 | Received a gift from Okawaru
 31746 | Vaults:1 | Received a gift from Okawaru
 32335 | Vaults:2 | Found Muwuat's Magic Scroll Emporium.
 32343 | Vaults:2 | Reached skill level 18 in Fighting
 32343 | Vaults:2 | Received a gift from Okawaru
 32356 | Vaults:2 | Bought a scroll of fear for 60 gold pieces
 32356 | Vaults:2 | Bought a scroll of fear for 60 gold pieces
 32680 | Vaults:2 | Found a runed translucent gate.
 32686 | Vaults:2 | Found a runed translucent gate.
 32687 | Vaults:2 | Found a runed translucent gate.
 32822 | Vaults:2 | Noticed Fypuno Aqar's ghost (adept DEFE)
 33085 | Vaults:2 | Received a gift from Okawaru
 33088 | Vaults:2 | Killed Fypuno Aqar's ghost
 33105 | Vaults:2 | Identified the +0 cloak of Action {rN++ rCorr Int+4 Stlth-}
 33160 | Vaults:3 | Reached XP level 21. HP: 170/177 MP: 30/30
 33324 | Vaults:3 | Identified the +1 long sword of Frustration {speed, rN++
                  | rCorr SInv}
 33505 | Vaults:3 | Received a gift from Okawaru
 33530 | Vaults:3 | Found a staircase to the Crypt.
 33644 | Vaults:3 | Found Zyschiuc's Weapon Shop.
 34071 | Vaults:3 | Reached skill level 10 in Throwing
 34091 | Vaults:3 | Received a gift from Okawaru
 34558 | Vaults:4 | Reached skill level 19 in Fighting
 34569 | Vaults:4 | Identified the +1 leather armour "Dotalar" {rPois rF- rN+
                  | Will+}
 34789 | Vaults:4 | Noticed Jory
 34807 | Vaults:4 | Killed Jory
 34807 | Vaults:4 | Received a gift from Okawaru
 34865 | Vaults:4 | Reached XP level 22. HP: 188/188 MP: 31/31
 34902 | Vaults:4 | Noticed Boris
 34919 | Vaults:4 | Killed Boris
 35001 | Vaults:4 | Found a portal to a secret trove of treasure.
 35519 | Vaults:5 | Entered Level 5 of the Vaults
 35533 | Vaults:5 | Received a gift from Okawaru
 35575 | Vaults:5 | Identified the +3 leather armour of Faocyin {+Inv rElec
                  | Int+3}
 35652 | Vaults:5 | Received a gift from Okawaru
 35780 | Vaults:5 | Got a silver rune of Zot
 35816 | Vaults:5 | Noticed a dread lich
 35835 | Vaults:5 | Killed a dread lich
 35835 | Vaults:5 | Received a gift from Okawaru
 36023 | Vaults:5 | Identified the ring "Row Meab" {rN++ Will+ rCorr Str-5}
 36149 | Vaults:5 | Reached skill level 20 in Fighting
 36203 | Vaults:5 | Reached XP level 23. HP: 196/196 MP: 32/32
 36208 | Vaults:5 | Received a gift from Okawaru
 36216 | Vaults:5 | Identified the ring "Gowkar" {Fly rN+ Int+4}
 36270 | Vaults:5 | Identified the staff of Midwinter {*Slow Will+++ rCorr
                  | Conj}
 36340 | Vaults:5 | Noticed a golden dragon
 36348 | Vaults:5 | Killed a golden dragon
 36413 | Vaults:5 | Got a dusty book
 36497 | Vaults:5 | Noticed Mara
 36513 | Vaults:5 | Noticed Flugkiller's illusion
 36516 | Vaults:5 | Received a gift from Okawaru
 36523 | Vaults:5 | Killed Mara
 36714 | Vaults:5 | Identified the +5 dire flail of False Hope {flame, Str+4
                  | Stlth-}
 36725 | Vaults:5 | Identified the +0 ring mail of Gejon {Rampage SInv}
 37432 | Depths:1 | Entered Level 1 of the Depths
 37715 | Vaults:5 | Identified the +10 flail "Qejats" {vamp, *Noise Will- Dex+8
                  | Stlth+}
 38133 | Depths:1 | Found a stormy altar of Qazlal.
 38153 | Depths:1 | Received a gift from Okawaru
 38442 | Depths:1 | Found a gateway to Hell.
 38494 | Depths:1 | Received a gift from Okawaru
 38691 | Depths:1 | Received a gift from Okawaru
 38692 | Depths:1 | Reached XP level 24. HP: 206/206 MP: 32/32
 38697 | Depths:1 | Reached skill level 21 in Fighting
 39079 | Depths:2 | Found Gozag's Assorted Antiques.
 39082 | Depths:2 | Noticed a golden dragon
 39086 | Depths:2 | Found an opulent altar of Gozag.
 39104 | Depths:2 | Found Gozag's Assorted Antiques.
 39106 | Depths:2 | Bought a pair of buzzing gloves for 950 gold pieces
 39106 | Depths:2 | Identified the +0 pair of gloves of Activism {*Corrode
                  | rPois Str+5 Stlth+} (You bought it in a shop on level 2 of
                  | the Depths)
 39113 | Depths:2 | Found Gozag's Assorted Antiques.
 39144 | Depths:2 | Killed a golden dragon
 39270 | Depths:2 | Found a one-way gateway to a ziggurat.
 39493 | Depths:2 | Received a gift from Okawaru
 39678 | Depths:2 | Found a one-way gate leading to the halls of Pandemonium.
 39939 | Depths:2 | Found a sparkling altar of Nemelex Xobeh.
 40110 | Depths:2 | Received a gift from Okawaru
 40305 | Depths:3 | Found a runed translucent door.
 40305 | Depths:3 | Found a runed translucent door.
 40331 | Depths:3 | Found the +3 robe of Clouds {*Thunder rCloud rElec}
 40336 | Depths:3 | Found the +5 glaive of the Guard {elec, spectral}
 40337 | Depths:3 | Found a runed translucent door.
 40351 | Depths:3 | Found a runed translucent door.
 40352 | Depths:3 | Identified the amulet of Hikobijo {Reflect Harm rF+ SH+5}
 40363 | Depths:3 | Identified the +3 robe of Beogh's Inspiration {rElec rF+
                  | Stlth+}
 40689 | Depths:3 | Received a gift from Okawaru
 40923 | Depths:3 | Found a one-way gate to the infinite horrors of the Abyss.
 41192 | Depths:3 | Reached XP level 25. HP: 215/216 MP: 32/32
 41283 | Depths:3 | Identified the +1 scale mail of Puuwoma {Int+4}
 41346 | Depths:4 | Entered Level 4 of the Depths
 41419 | Depths:4 | Received a gift from Okawaru
 41433 | Depths:4 | Found a gate to the Realm of Zot.
 41533 | Depths:4 | Reached skill level 15 in Throwing
 41572 | Depths:4 | Received a gift from Okawaru
 41608 | Depths:4 | Reached skill level 22 in Fighting
 41851 | Depths:4 | Found a shadowy altar of Dithmenos.
 41868 | Depths:4 | Received a gift from Okawaru
 42507 | Slime:1  | Entered Level 1 of the Pits of Slime
 42555 | Slime:2  | Reached skill level 15 in Invocations
 42558 | Slime:2  | Gained mutation: You are robust. (+10% HP) [a shining eye]
 42561 | Slime:2  | Gained mutation: You occasionally shout uncontrollably at
                  | your foes. [a shining eye]
 42592 | Slime:3  | Gained mutation: Your magical capacity is low. (-10% MP) [a
                  | shining eye]
 42644 | Slime:4  | Noticed Dissolution
 42651 | Slime:4  | Gained mutation: You are dopey. (Int -2) [a shining eye]
 42660 | Slime:4  | Killed Dissolution
 42798 | Slime:5  | Entered Level 5 of the Pits of Slime
 42849 | Slime:5  | Received a gift from Okawaru
 42862 | Slime:5  | Found the +10 dark maul {heavy}
 42864 | Slime:5  | Found a viscous altar of Jiyva.
 42865 | Slime:5  | Noticed the Royal Jelly
 42895 | Slime:5  | Killed the Royal Jelly
 42929 | Slime:5  | Reached XP level 26. HP: 248/248 MP: 30/31
 42940 | Slime:5  | Found the crystal ball of Wucad Mu {*channel}
 42965 | Slime:5  | Acquired the +2 pair of boots "Otoenu" {Contam rPois Int+9}
 42986 | Slime:5  | Got a slimy rune of Zot
 42990 | Slime:5  | Identified the scarf of the Hall of Blades {harm, Dex+6}
 43008 | Slime:5  | Identified the +13 shadow dragon scales "Pomicwoj" {rC+
                  | Stlth++++}
 43031 | Slime:5  | Identified the amulet of the Disturbing Allies {RegenMP rF+
                  | rC++ Dex+5}
 43037 | Slime:5  | Identified the +1 battleaxe "Rimem" {spect, rPois rN+}
 43044 | Slime:5  | Identified the +1 triple crossbow "Yzedad" {penet, Contam
                  | rPois rF- Dex+7}
 43798 | Temple   | Fell from the grace of Okawaru
 43798 | Temple   | Became a worshipper of the Shining One
 44049 | Crypt:1  | Entered Level 1 of the Crypt
 44067 | Crypt:1  | Reached * piety under the Shining One
 44085 | Crypt:1  | Reached ** piety under the Shining One
 44140 | Crypt:1  | Noticed Vv
 44153 | Crypt:1  | Killed Vv
 44264 | Crypt:1  | Reached *** piety under the Shining One
 44354 | Crypt:1  | Noticed Khufu
 44354 | Crypt:1  | Reached **** piety under the Shining One
 44365 | Crypt:1  | Killed Khufu
 44417 | Crypt:1  | Reached ***** piety under the Shining One
 44744 | Crypt:2  | Noticed Donald
 44746 | Crypt:2  | Reached skill level 23 in Fighting
 44752 | Crypt:2  | Killed Donald
 44802 | Crypt:2  | Noticed Xtahua
 44808 | Crypt:2  | Killed Xtahua
 44876 | Crypt:2  | Noticed Boris
 44889 | Crypt:2  | Killed Boris
 44895 | Crypt:2  | Reached ****** piety under the Shining One
 44963 | Crypt:2  | Noticed Frederick
 44977 | Crypt:2  | Killed Frederick
 45275 | Crypt:2  | Noticed Bai Suzhen
 45286 | Crypt:2  | Killed Bai Suzhen
 45480 | Crypt:3  | Entered Level 3 of the Crypt
 45719 | Crypt:3  | Found an ancient bone altar of Kikubaaqudgha.
 45759 | Crypt:3  | Reached skill level 24 in Fighting
 45778 | Crypt:3  | Reached XP level 27. HP: 230/261 MP: 32/32
 46024 | Crypt:3  | Found a staircase to the Tomb.
 46242 | Crypt:3  | Got a peculiar book
 46663 | Depths:3 | Voluntarily entered the Abyss.
 46764 | Depths:3 | Escaped the Abyss
 46766 | Depths:3 | Voluntarily entered the Abyss.
 46766 | Abyss:1  | Found a corrupted altar of Lugonu.
 46787 | Abyss:1  | Found a corrupted altar of Lugonu.
 46839 | Depths:3 | Escaped the Abyss
 46921 | Pan      | Entered Pandemonium
 47223 | Pan      | Identified the +9 war axe "Umar" {elec, Will+}
 47301 | Pan      | Noticed Vaohionn the pandemonium lord
 47313 | Pan      | Killed Vaohionn the pandemonium lord
 47542 | Pan      | Noticed Unwihagedgh the pandemonium lord
 47553 | Pan      | Reached skill level 25 in Fighting
 47556 | Pan      | Killed Unwihagedgh the pandemonium lord
 47646 | Pan      | Entered the realm of Mnoleg.
 47738 | Pan      | Gained mutation: Your body sometimes deteriorates upon
                  | taking damage. [a neqoxec]
 47810 | Pan      | Noticed Mnoleg
 47823 | Pan      | Killed Mnoleg
 47824 | Pan      | Gained mutation: You occasionally lose the ability to drink
                  | potions when taking damage. [a cacodemon]
 48090 | Pan      | Lost mutation: You are robust. (+10% HP) [a neqoxec]
 48175 | Pan      | Got a glowing rune of Zot
 48621 | Pan      | Noticed Giukimm the pandemonium lord
 48629 | Pan      | Killed Giukimm the pandemonium lord
 48704 | Pan      | Got a well-preserved book
 48725 | Pan      | Entered the realm of Lom Lobon.
 48750 | Pan      | Reached skill level 26 in Fighting
 48823 | Pan      | Noticed Lom Lobon
 48894 | Pan      | HP: 5/245 [smoke demon/divine providence (16)]
 48895 | Pan      | Killed from afar by Lom Lobon

Illustrated notes

Levels and vault maps discovered:
D:1:      noname_arrival_rooms_in_the_neighbourhood, layout_basic, serial_shops,
          shop, nicolae_shop_behind_doors, nicolae_shop_back_alley_shop, shop,
          nicolae_shop_vocational
D:2:      layout_rooms, pf_guarded_unrand_woodcutter, uniq_jessica
D:3:      layout_basic, nicolae_elyvilon_temple_path, minmay_puff
D:4:      layout_basic, minmay_pentangle, uniq_ijyb, uniq_eustachio,
          uniq_menkaure, uniq_sigmund, uniq_duvessa, uniq_edmund
D:5:      layout_loops_ring, lightli_corner_chamber, uniq_pikel
D:6:      layout_basic, mainiacjoe_overflow_alcove_2, temple_statues,
          serial_shops, shop_coins, portal_sewer_entry_e,
          amcnicky_mini_rare_corridor_liquid
D:7:      layout_basic, minmay_misc_feat_tower
D:8:      layout_rooms, serial_shops, nicolae_shop_trees, serial_glass,
          glass_columns_a, glass_columns_a, nicolae_specific_store, uniq_erica,
          uniq_amaemon
D:9:      lemuel_ice_spiral_2, layout_irregular_city, lemuel_tele_altar,
          uniq_erolcha
D:10:     layout_cave_pods, lair_entry_dummy, ebering_ghost_funeral_grove
D:11:     layout_rooms, portal_ice_cave_rime, kennysheep_potato, uniq_lodul
D:12:     layout_loops_corners, zombieorc1_lemuel, serial_ice, serial_ice_k,
          serial_ice_o, serial_ice_n, serial_ice_g, serial_ice_h, serial_ice_e,
          serial_ice_d, serial_shops, nicolae_shop_competitors_out_of_business
D:13:     layout_stronghold, erik_vaults_1, nrook_loot_triangle,
          minmay_nine_imps
D:14:     layout_loops_ring, evilmike_ruin_ashenzari,
          minmay_the_grid_square_5x5_3x3_mashed
          [minmay_the_grid_square_5x5_minibox,
          minmay_the_grid_square_5x5_two_walls_b,
          minmay_the_grid_square_5x5_checkered_statues,
          minmay_the_grid_square_5x5_inner_i,
          minmay_the_grid_square_5x5_megaprize_diamond,
          minmay_the_grid_square_5x5_minivault,
          minmay_the_grid_square_5x5_beaten_path,
          minmay_the_grid_square_5x5_two, minmay_the_grid_square_5x5_percent]
D:15:     gammafunk_enter_depths_forms, layout_long_grid, serial_glass,
          glass_columns_a, glass_columns_a
Temple:   compressed_dpeg_triangle_lava_temple
Lair:1:   minmay_lair_venomous_thicket, layout_regular_city
Lair:2:   layout_long_grid, dummy_spider_entry, infiniplex_staircase_pool_2
Lair:3:   layout_cellular_growth, skrybe_swamp_entry_bodies,
          nicolae_quartered_pool_super, nicolae_lair_liquid_snakes
Lair:4:   layout_misc_corridors, slime_entry_1, basic_altar,
          serial_bayou_shore_b, uniq_josephine
Lair:5:   grunt_lair_end_beastmaster, layout_hall_layers,
          ebering_ghost_disaster_area, nicolae_volcano_entry_two_sided,
          st_stairs_6, serial_bayou_shore_b
Swamp:1:  layout_basic_swamp, evilmike_swamp_ruin_rubble_2
Swamp:2:  layout_basic_swamp, nicolae_swamp_small_spring
Swamp:3:  layout_basic_swamp, evilmike_swamp_ruin_house_5
Swamp:4:  swamp_fiery, layout_basic_swamp, infiniplex_staircase_pool
Spider:1: layout_spider_delve
Spider:2: layout_spider_delve, nicolae_spider_solar_radiation, uniq_agnes,
          uniq_arachne, uniq_roxanne
Spider:3: layout_spider_delve, drop_trap
Spider:4: spider_rune_water, hangedman_stitches_earthworm
Slime:1:  layout_caves, cheibrodos_slime_lost_civilization_4
Slime:2:  nicolae_slime_jelly_donut, layout_caves
Slime:3:  layout_caves, nicolae_slime_crime_time
Slime:4:  layout_caves, uniq_dissolution
Slime:5:  slime_pit
Orc:1:    nicolae_orc_accident_3, layout_caves, serial_shops,
          nicolae_shop_overgrown_old_shop
Orc:2:    st_orc_mages, layout_diamond_mine
Vaults:1: ebering_ghost_rock_garden, nicolae_vaults_more_shelving_1,
          hangedman_vaults_hat, nicolae_vaults_hexular_roomagon,
          nicolae_vaults_c_with_doors, vaults_dpeg_spiral,
          nicolae_vaults_trapezoid_lopsided_3, v_alt_pattern_1,
          nicolae_vaults_six-pack, nicolae_vaults_closet_pinwheel_1,
          nicolae_vaults_ring_of_whatevers, v_alt_pattern_5,
          layout_vaults_chaotic_city
Vaults:2: gammafunk_ghost_tricky_traps, ontoclasm_vaults_tryst,
          nicolae_vaults_windows_and_doors_thing, grunt_vaults_twisty,
          v_rooms_1, nicolae_vaults_alarming, ontoclasm_vaults_ring_small,
          ontoclasm_vaults_pinch, vaults_room_pool, layout_vaults_quadrants,
          serial_shops, nicolae_shop_tiny_real_fake_doors
Vaults:3: nicolae_vaults_house_2, vaults_room_hallway, vaults_dpeg_cross,
          nicolae_vaults_disjoint_gnomons, vaults_standard_mumra_lines,
          nicolae_vaults_variable_pillar_hall, minmay_crypt_entry_simple_box,
          v_misc_2, nicolae_vaults_network_quinsquares
          [nicolae_vaults_network_quincunx_subvault,
          nicolae_vaults_network_quincunx_subvault,
          nicolae_vaults_network_quincunx_subvault,
          nicolae_vaults_network_quincunx_subvault],
          nicolae_vaults_more_shelving_2, nicolae_vaults_cochlea,
          nicolae_vaults_taking_the_gang_shopping, layout_vaults_big_cross
Vaults:4: v_misc_14, v_misc_24, vaults_mumra_minichess, hangedman_vaults_locks,
          grunt_vaults_bifocal, ontoclasm_vaults_spin,
          nicolae_vaults_offset_grid_hallway_3, nicolae_vaults_octothorpe,
          vaults_room_grid, ontoclasm_vaults_idyll,
          nicolae_vaults_hallways_thing, v_pattern_4, ontoclasm_vaults_ligature,
          ontoclasm_vaults_decontamination, hangedman_vaults_cutoff, v_misc_9,
          layout_vaults_maze_bifur, enter_trove_5, uniq_boris, uniq_jory
Vaults:5: uniq_mara
Crypt:1:  layout_chaotic_city, grunt_crypt_arrival_guarded_gate,
          roderic_lattice_octagonal_star, uniq_vv, uniq_khufu
Crypt:2:  layout_gridlike, uniq_donald, uniq_xtahua, uniq_frederick,
          uniq_bai_suzhen
Crypt:3:  grunt_crypt_end_deaths_head
Depths:1: layout_gridlike, hell_entry, chequers_serial_rivers_small_3,
          nicolae_qazlal_scattered_showers
Depths:2: kennysheep_gozag_temple, layout_gridlike, enter_ziggurat_c,
          nemelex_diamond_rough_becter, grunt_pan_entry_zigzag,
          grunt_hell_entry_dis_grunt
Depths:3: impenetrable_vault, layout_gridlike, abyss_entry,
          minmay_misc_feat_chi, pf_dread_powers_of_hell, minmay_staircase_bubble
Depths:4: grunt_zot_entry_funnels, layout_gridlike, hell_entry,
          abyss_entry_small_statue_room, fountainhead,
          nicolae_dithmenos_through_a_glass_darkly
Pan:      evilmike_mini_pan_branches, layout_basic, pan_blood_fountain,
          rand_demon_2, layout_irregular_city, pan_blood_fountain_2,
          rand_demon_3, layout_grid_shapes, nicolae_pan_gloorx_vloqian_1,
          evilmike_mini_pan_pillars_b, layout_cellular_growth, mnoleg_grunt,
          layout_gridlike, evilmike_mini_pan_rooms, layout_gridville,
          pan_blood_fountain_small, grunt_pan_sceptre, layout_pan_divisions_b
          [pan_division_quadrant_b6, pan_division_quadrant_b4,
          pan_division_quadrant_b4, pan_division_quadrant_b6],
          evilmike_mini_pan_doors, layout_irregular_city, lom_lobon_grunt,
          layout_basic

Skill      XL: |  1  2  3  4  5  6  7  8  9 10 11 12 13 14 15 16 17 18 19 20 21 22 23 24 25 26 27 |
---------------+----------------------------------------------------------------------------------+-----
Axes           | 3 4 5 6 7 9 10 12 13 15 16 17 18 19 20 21 22 23 24 | 24.0
Fighting       | 4 5 6 7 8 10 11 12 13 14 15 16 17 18 19 20 21 22 24 26 | 26.0
Armour         | 4 5 6 7 8 10 11 12 13 14 15 16 17 18 19 20 21 22 23 24 | 24.6
Invocations    | 1 4 7 8 10 11 12 13 15 18 22 | 22.5
Shields        | 6 9 11 12 14 15 | 15.0
Throwing       | 4 6 8 10 12 13 14 15 16 | 16.0

Action                     |  1- 3 |  4- 6 |  7- 9 | 10-12 | 13-15 | 16-18 | 19-21 | 22-24 | 25-27 || total
---------------------------+-------+-------+-------+-------+-------+-------+-------+-------+-------++-------
  Melee: War axe           |    99 |    46 |       |       |       |       |       |       |       ||   145
         Battleaxe         |       |    55 |   154 |   514 |   144 |       |       |       |       ||   867
         Executioner's axe |       |       |       |       |   621 |  1112 |  1241 |  1205 |  1163 ||  5342
  Throw: Javelin           |       |       |       |       |       |       |       |     5 |    61 ||    66
         Throwing net      |       |       |       |       |       |       |       |       |     1 ||     1
 Invoke: Heroism           |       |       |       |     6 |     7 |    14 |    12 |    17 |     7 ||    63
         Finesse           |       |       |       |     2 |     1 |     2 |     6 |     5 |     1 ||    17
         Receive Weapon    |       |       |       |       |     1 |       |       |       |       ||     1
         Receive Armour    |       |       |       |       |     1 |       |       |       |       ||     1
         Duel              |       |       |       |       |       |     3 |     2 |       |       ||     5
         Divine Shield     |       |       |       |       |       |       |       |       |     5 ||     5
         Summon Divine War |       |       |       |       |       |       |       |       |    12 ||    12
         Cleansing Flame   |       |       |       |       |       |       |       |       |     6 ||     6
Ability: Dig               |       |       |       |       |       |       |       |       |     1 ||     1
  Evoke: Wand              |       |       |       |       |     2 |     3 |       |       |       ||     5
    Use: Potion            |       |     1 |       |     4 |       |    10 |     5 |     1 |    11 ||    32
         Scroll            |       |     3 |     3 |    10 |    17 |     6 |     2 |       |     8 ||    49
   Stab: Held in net/web   |       |       |       |       |       |       |       |       |     1 ||     1
 Armour: Scale mail        |    84 |    83 |    71 |       |       |       |       |       |       ||   238
         Plate armour      |       |       |    40 |   434 |     9 |  1214 |  1451 |  1056 |   919 ||  5123
         Chain mail        |       |       |       |    10 |   381 |       |       |       |       ||   391
         Crystal plate arm |       |       |       |       |   486 |       |       |       |       ||   486
  Dodge: Dodged            |    51 |    58 |    48 |   194 |   245 |   396 |   375 |   256 |   251 ||  1874
  Block: Buckler           |    26 |    30 |    30 |   111 |    14 |       |       |       |       ||   211
         Kite shield       |       |       |       |       |   384 |   808 |   838 |   666 |   626 ||  3322

Table legend: (Time is in decaauts)
 A = Elapsed time spent in this place.
 B = Non-inter-level travel time spent in this place.
 C = Inter-level travel time spent in this place.
 D = Time resting spent in this place.
 E = Time spent auto-exploring this place.
 F = Levels seen in this place.
 G = Mean time per level.
                   A        B        C        D        E       F      G
               +--------+--------+--------+--------+--------+-----+--------+
         Total |  48309 |  43004 |   5305 |   6054 |  24223 |  66 |  732.0 |
       Dungeon |  16953 |  14405 |   2548 |   2770 |   8436 |  15 | 1130.2 |
        Temple |     30 |      4 |     26 |      0 |      0 |   1 |   30.0 |
          Lair |   5382 |   4615 |    767 |    564 |   2986 |   5 | 1076.4 |
         Swamp |   2944 |   2740 |    204 |    388 |   1516 |   4 |  736.0 |
   Spider Nest |   3927 |   3651 |    276 |    825 |   1523 |   4 |  981.8 |
    Slime Pits |    641 |    605 |     36 |     98 |     30 |   5 |  128.2 |
  Orcish Mines |   1048 |   1014 |     34 |      0 |    780 |   2 |  524.0 |
        Vaults |   7225 |   6314 |    911 |    323 |   4082 |   5 | 1445.0 |
         Crypt |   2244 |   2135 |    109 |     58 |   1418 |   3 |  748.0 |
        Depths |   4165 |   3775 |    390 |     72 |   2484 |   4 | 1041.2 |
         Abyss |    170 |    170 |      0 |      0 |    112 |   2 |   85.0 |
   Pandemonium |   1880 |   1880 |      0 |    256 |    507 |   9 |  208.9 |
         Sewer |    217 |    217 |      0 |      0 |    117 |   1 |  217.0 |
      Ice Cave |   1052 |   1052 |      0 |    700 |     77 |   1 | 1052.0 |
       Volcano |    322 |    322 |      0 |      0 |    153 |   1 |  322.0 |
         Arena |    102 |    102 |      0 |      0 |      0 |   4 |   25.5 |
               +--------+--------+--------+--------+--------+-----+--------+

Top non-repeatable levels by time:
Vaults:5: 1661 daAuts
Vaults:1: 1620 daAuts
  Lair:3: 1513 daAuts
     D:8: 1472 daAuts
    D:10: 1471 daAuts
Vaults:2: 1449 daAuts
     D:3: 1446 daAuts
Spider:4: 1429 daAuts
Depths:2: 1361 daAuts
     D:7: 1298 daAuts
Vaults:3: 1258 daAuts
     D:6: 1256 daAuts
Vaults:4: 1235 daAuts
    D:12: 1178 daAuts
  Lair:1: 1169 daAuts
